 Dungeon Crawl Stone Soup version 0.14-a0-3405-g7f0333e (webtiles) character file.

227 Psiweapon the Slasher (level 5, 0/34 HPs)
             Began as a High Elf Skald on Mar 21, 2014.
             Slain by an ogre
             ... wielding a +0,+0 giant club
              (12 damage)
             ... on Level 3 of the Dungeon.
             The game lasted 00:11:06 (2626 turns).

Psiweapon the Slasher (High Elf Skald)              Turns: 2626, Time: 00:11:06

HP   0/34        AC  6     Str 12      XL: 5   Next: 12%
MP  11/12        EV  7     Int 16      God:
Gold 74          SH  0     Dex 14      Spells:  2 memorised,  5 levels left

rFire  . . .     SeeInvis .     a - +0 falchion
rCold  . . .     Clarity  .     r - +0 scale mail (curse)
rNeg   . . .     Conserve .     (no shield)
rPois  .         rCorr    .     (no helmet)
rElec  .         rRot     .     (no cloak)
SustAb . .       Spirit   .     (no gloves)
rMut   .         Warding  .     (no boots)
Saprov . . .     Stasis   .     (no amulet)
MR     .....                    (no ring)
                                (no ring)

@: very slightly contaminated, not resistant to hostile enchantments, extremely
unstealthy
A: no striking features
a: no special abilities


You were on level 3 of the Dungeon.
You were not hungry.

You visited 1 branch of the dungeon, and saw 3 of its levels.

You collected 74 gold pieces.

Inventory:

Hand weapons
 a - a +0,+0 falchion (weapon)
Missiles
 u - 20 poisoned needles
Armour
 b - a +0 leather armour
 r - a cursed +0 scale mail (worn)
Comestibles
 d - 2 bread rations
 l - 2 meat rations
 s - a slice of pizza
 t - a cheese
 x - a chunk of adder flesh
 z - a chunk of rat flesh
Scrolls
 f - a scroll of amnesia {unknown}
 g - 4 scrolls of identify
 h - a scroll of remove curse {unknown}
 i - a scroll of fog {unknown}
 j - 4 scrolls of teleportation
 m - a scroll of noise {unknown}
 o - a scroll of random uselessness {unknown}
 w - a scroll of fear {unknown}
Potions
 e - a potion of degeneration {unknown}
 k - 3 potions of heal wounds {unknown}
 n - 2 potions of curing
 q - a potion of resistance {unknown}
 v - a potion of might {unknown}
 C - a potion of cure mutation {unknown}
Books
 c - a book of Battle

   Spells                             Type                      Level
   *Infusion                          Charms                       1
   Shroud of Golubria                 Charms/Translocation         2
   *Song of Slaying                   Charms                       2
   Spectral Weapon                    Hexes/Charms                 3
   Regeneration                       Charms/Necromancy            3


   Skills:
 - Level 2.0 Fighting
 + Level 6.5 Long Blades
 - Level 0.8 Armour
 - Level 1.1 Dodging
 - Level 2.4 Spellcasting
 - Level 3.6 Charms


You had 5 spell levels left.
You knew the following spells:

 Your Spells              Type           Power        Failure   Level  Hunger
a - Infusion              Chrm           ##....       38%         1    #......
b - Song of Slaying       Chrm           ##......     58%         2    ##.....


Dungeon Overview and Level Annotations

Branches:
Dungeon (3/15)

Altars:
Trog


Message History

Aim: an ogre, wielding a giant club You throw a javelin.
The javelin hits the ogre.
The ogre is moderately wounded.
Throwing (i - inventory):
p - a javelin (quivered)
Press: ? - help, Shift-Dir - straight line, f/p - ogre
Aim: an ogre, wielding a giant club (moderately wounded)
You throw a javelin. The javelin misses the ogre.
Casting: Infusion
Confirm with . or Enter, or press ? or * to list all spells.
You miscast Infusion.
You are very lightly contaminated with residual magic.
Waves of light ripple over your body.
You hit the ogre but do no damage.
The ogre is moderately wounded.
The ogre hits you with a giant club!
Ouch! That really hurt!
You hit the ogre.
The ogre is moderately wounded.
The ogre hits you with a giant club!
You die...

#....#.#..............#........
#....#.#.###.#........#####.###
######.#.# #....####### #....
#.#.######## #.### #.#.....#
#.... .#####)##############.###
#...................
.####################.#..
..((...O@..#............#
#######
##########.#.............
.......# #.#.............
.......# #.#.########.###
.......# #.........##.#
.......# #.........##.#
.......# #.........##.#
.......# #.#.########.###
.......# #.#.............


You could see an ogre.

Vanquished Creatures
  Ijyb (D:3)
  Jessica (D:2)
  3 adders
  5 worms (D:2)
  A giant gecko (D:3)
  An ooze (D:2)
  2 orcs (D:3)
  8 goblins
  9 hobgoblins
  5 bats
  2 giant cockroaches
  2 giant newts (D:1)
  6 kobolds
  17 rats
63 creatures vanquished.

Notes
Turn   | Place    | Note
--------------------------------------------------------------
     0 | D:1      | Psiweapon, the High Elf Skald, began the quest for the Orb.
     0 | D:1      | Reached XP level 1. HP: 14/14 MP: 4/4
    94 | D:1      | Reached XP level 2. HP: 13/19 MP: 6/6
   535 | D:1      | Reached skill level 4 in Long Blades
   831 | D:2      | Reached XP level 3. HP: 7/24 MP: 2/8
  1177 | D:2      | Noticed Jessica
  1185 | D:2      | Killed Jessica
  1185 | D:2      | Reached skill level 5 in Long Blades
  1210 | D:2      | Reached XP level 4. HP: 24/29 MP: 6/11
  1243 | D:2      | Noticed a moth of wrath
  1245 | D:2      | Found a bloodstained altar of Trog.
  2065 | D:2      | Learned a level 2 spell: Song of Slaying
  2092 | D:3      | Reached skill level 6 in Long Blades
  2295 | D:3      | Noticed Ijyb
  2315 | D:3      | Killed Ijyb
  2315 | D:3      | Reached XP level 5. HP: 28/34 MP: 6/12
  2619 | D:3      | Noticed an ogre
  2626 | D:3      | Slain by an ogre

Action                   |  1- 3 |  4- 6 || total
-------------------------+-------+-------++-------
Melee: Falchion          |    98 |   118 ||   216
Throw: Javelin           |     3 |    23 ||    26
 Cast: Infusion          |    10 |     6 ||    16
  Use: Scroll            |     1 |       ||     1
       Potion            |     1 |       ||     1
